 Dungeon Crawl Stone Soup version 0.19.1 (webtiles) character file.

1449 Jerry the Slasher (level 8, -6/43 HPs)
             Began as a Vine Stalker Gladiator on Dec 27, 2016.
             Was a Follower of Uskayaw.
             Mangled by ImaNewbie's ghost (14 damage)
             ... on level 6 of the Dungeon.
             The game lasted 00:17:52 (5551 turns).

Jerry the Slasher (Vine Stalker Gladiator)          Turns: 5551, Time: 00:17:53

Health: -6/43      AC: 14    Str: 18    XL:     8   Next: 75%
Magic:  0/10       EV:  9    Int:  8    God:    Uskayaw [*.....]
Gold:   277        SH:  0    Dex: 17    Spells: 0 memorised, 7 levels left

rFire  + . .     SeeInvis .     a - +0 long sword
rCold  + . .     Gourm    .     C - +0 chain mail
rNeg   . . .     Faith    .     (no shield)
rPois  .         Spirit   +     z - +1 helmet
rElec  .         Reflect  .     y - +0 cloak
rCorr  .         Harm     .     k - +0 pair of gloves
MR     +....                    (no boots)
Stlth  ..........               (no amulet)
                                D - ring of protection from cold
                                j - ring of protection from fire

@: no status effects
A: fangs 3, regeneration 1, magic shield, antimagic bite, no device heal 3, rot
immunity
a: Stomp, Renounce Religion


You were on level 6 of the Dungeon.
You worshipped Uskayaw.
Uskayaw was noncommittal.
You were very hungry.

You visited 2 branches of the dungeon, and saw 7 of its levels.

You collected 277 gold pieces.

Inventory:

Hand Weapons
 a - a +0 long sword (weapon)
 e - a +2 dagger of holy wrath
Missiles
 d - a throwing net (quivered)
 h - 8 javelins
Armour
 k - a +0 pair of gloves (worn)
 y - a +0 cloak (worn)
 z - a +1 helmet (worn)
 C - a +0 chain mail (worn)
Jewellery
 j - a ring of protection from fire (left hand)
 B - a +3 ring of intelligence
 D - a ring of protection from cold (right hand)
 F - an uncursed ring of fire
Wands
 b - a wand of flame (13/48)
 c - a wand of random effects (23/48)
 H - a wand of random effects (24/48)
Scrolls
 g - 4 scrolls of random uselessness {unknown}
 l - 2 scrolls of amnesia {unknown}
 m - 6 scrolls of identify {unknown}
 p - a scroll of blinking {unknown}
 q - 7 scrolls of immolation {unknown}
 r - 2 scrolls of enchant armour {unknown}
 s - 4 scrolls of remove curse {unknown}
 u - 4 scrolls of teleportation {unknown}
 w - a scroll of fog {unknown}
 G - a scroll of fear {unknown}
Potions
 o - a potion of mutation {unknown}
 t - 4 potions of curing {unknown}
 v - 4 potions of degeneration {unknown}
 x - 2 potions of heal wounds {unknown}
 I - a potion of agility {unknown}
Books
 E - a book of Cantrips

   Spells                             Type                      Level
   a - Confusing Touch                Hexes                        1
   b - Animate Skeleton               Necromancy                   1
   c - Summon Small Mammal            Summoning                    1
   d - Apportation                    Translocation                1
Comestibles
 f - 3 bread rations
 i - 3 fruits
 n - 2 meat rations
 A - a slice of pizza


   Skills:
 + Level 5.0 Fighting
 + Level 5.5 Long Blades
 - Level 1.7 Throwing
 + Level 4.4 Armour
 - Level 4.3 Dodging
 + Level 2.2 Invocations


You had 7 spell levels left.
You didn't know any spells.

Dungeon Overview and Level Annotations

Branches:
Dungeon (6/15)             Temple (1/1) D:5

Altars:
Cheibriados
Dithmenos
Elyvilon
Fedhas
Gozag
Hepliaklqana
Kikubaaqudgha
Nemelex Xobeh
Okawaru
Qazlal
Ru
Sif Muna
Trog
Uskayaw
Vehumet
Xom
Yredelemnul
The Shining One

Annotations:
D:6 ImaNewbie's ghost, novice OgFi


Innate Abilities, Weirdness & Mutations

You have razor-sharp teeth.
Your natural rate of healing is unusually fast.
When hurt, damage is shared between your health and your magic reserves.
Your bite disrupts and absorbs the magic of your enemies.
Potions and wands cannot restore your health.
You are immune to rotting.


Message History

ImaNewbie's ghost hits you but does no damage.
You completely miss ImaNewbie's ghost.
ImaNewbie's ghost is heavily damaged.
ImaNewbie's ghost hits you but does no damage.
You hit ImaNewbie's ghost. Your bite misses ImaNewbie's ghost.
ImaNewbie's ghost is heavily damaged.
ImaNewbie's ghost hits you!
You are electrocuted!
* * * LOW HITPOINT WARNING * * *
The orc hits you but does no damage.
ImaNewbie's ghost hits you but does no damage.
You are electrocuted!
* * * LOW HITPOINT WARNING * * *
You don't have enough magic at the moment.
There is a stone staircase leading up here.
ImaNewbie's ghost wails, "They lied to you.
The Dungeon just goes down and down forever."
You completely miss the orc. The orc hits you but does no damage.
You slash the orc!
You kill the orc!
ImaNewbie's ghost hits you.
You are electrocuted!
You die...

##.## #.......# #.....# # #.#
#.......# #.#...# #.# #.......#
#.#.#.# ##'## #.......# #.#.#.#
##...## #.......# #.....#
#.....## #...<...# ###.####
.......## #.......# #.##.## #
........####...#########.#...####
........'...>..W@...............'
........####...#########.....####
.......## ##..# ####.## #
#.....## ##.# #.# ##...## #.. #.#
##+## ### #.# #.##### #.#....
#.#.###


You could see ImaNewbie's ghost.

Vanquished Creatures
  A phantom (D:6)
  3 centaurs
  3 ogres
  A howler monkey (D:4)
  A crimson imp (D:5)
  2 hounds
  2 centaur skeletons
  An orc priest (D:3)
  Crazy Yiuf (D:2)
  5 orc wizards
  2 iguanas
  2 worker ants
  Natasha (thrice) (D:2)
  Terence (D:2)
  A hound zombie (D:5)
  A hound skeleton (D:4)
  A worker ant zombie (D:6)
  Robin (D:2)
  3 gnolls (D:3)
  8 adders
  2 oozes
  An adder skeleton (D:6)
  A worm (D:3)
  A dart slug (D:2)
  4 leopard geckos
  14 orcs
  2 ball pythons
  4 giant cockroaches
  16 goblins
  7 hobgoblins
  5 jackals
  9 kobolds
  3 quokkas
  11 bats
  4 frilled lizards
  A leopard gecko skeleton (D:6)
  12 rats
140 creatures vanquished.

Vanquished Creatures (others)
  2 fungi (D:2)
2 creatures vanquished.

Grand Total: 142 creatures vanquished

Notes
Turn   | Place    | Note
-------+----------+-------------------------------------------
     0 | D:1      | Jerry the Vine Stalker Gladiator began the quest for the Orb.
     0 | D:1      | Reached XP level 1. HP: 11/11 MP: 2/2
    33 | D:1      | Reached XP level 2. HP: 1/15 MP: 1/3
   442 | D:1      | Reached skill level 1 in Armour
   606 | D:1      | Reached XP level 3. HP: 16/18 MP: 4/4
  1032 | D:2      | HP: 1/27 [poisoned by an adder]
  1038 | D:2      | HP: 1/27 [poisoned by an adder]
  1337 | D:2      | Found a bloodstained altar of Trog.
  1433 | D:2      | Noticed Natasha
  1439 | D:2      | Killed Natasha
  1439 | D:2      | Gained mutation: Your natural rate of healing is unusually fast. [Vine Stalker growth]
  1439 | D:2      | Reached XP level 4. HP: 14/23 MP: 5/5
  1549 | D:2      | Noticed Natasha
  1553 | D:2      | Killed Natasha
  1599 | D:2      | Noticed Robin
  1607 | D:2      | Killed Robin
  1607 | D:2      | Reached XP level 5. HP: 23/27 MP: 6/6
  1768 | D:2      | Noticed Natasha
  1778 | D:2      | Killed Natasha
  1857 | D:2      | Found a runed door.
  1861 | D:2      | Noticed Crazy Yiuf
  1871 | D:2      | Killed Crazy Yiuf
  2007 | D:3      | Noticed Terence
  2023 | D:2      | Killed Terence
  2093 | D:3      | Reached XP level 6. HP: 32/32 MP: 7/7
  2213 | D:3      | Found a sparkling altar of Nemelex Xobeh.
  2818 | D:3      | Reached XP level 7. HP: 19/36 MP: 4/8
  3551 | D:4      | Found a sacrificial altar of Ru.
  3605 | D:4      | Found a glowing golden altar of the Shining One.
  3691 | D:4      | Gained mutation: You have razor-sharp teeth. [Vine Stalker growth]
  3691 | D:4      | Reached XP level 8. HP: 30/42 MP: 6/9
  3935 | D:5      | Entered Level 5 of the Dungeon
  4026 | D:5      | Found a staircase to the Ecumenical Temple.
  4033 | Temple   | Entered the Ecumenical Temple
  4321 | Temple   | Became a worshipper of Uskayaw the Reveler
  4411 | D:5      | Found a deep blue altar of Sif Muna.
  4498 | D:5      | Reached * piety under Uskayaw
  4735 | D:5      | Reached skill level 5 in Long Blades
  4735 | D:5      | Reached ** piety under Uskayaw
  4769 | D:5      | Reached *** piety under Uskayaw
  4771 | D:5      | Reached skill level 1 in Invocations
  4771 | D:5      | Reached **** piety under Uskayaw
  5498 | D:6      | Reached skill level 5 in Fighting
  5512 | D:6      | Noticed ImaNewbie's ghost (novice OgFi)
  5551 | D:6      | Mangled by ImaNewbie's ghost

Skill      XL: |  1  2  3  4  5  6  7  8 |
---------------+-------------------------+-----
Fighting       | 2 3 4 5 |  5.0
Armour         | 1 2 3 4 |  4.4
Long Blades    | 3 4 5 |  5.5
Dodging        | 3 4 |  4.3
Invocations    | 2 |  2.2
Throwing       | |  1.7

Action                   |  1- 3 |  4- 6 |  7- 9 || total
-------------------------+-------+-------+-------++-------
Melee: Long sword        |    49 |   154 |   175 ||   378
       Bite              |    23 |    59 |    89 ||   171
       Dagger            |    55 |       |       ||    55
Throw: Throwing net      |       |     1 |     3 ||     4
  Use: Potion            |     3 |       |       ||     3
 Stab: Held in net/web   |       |     1 |     2 ||     3
       Paralysed         |       |       |     1 ||     1
  Eat: Chunk             |     2 |     5 |     6 ||    13
       Beef jerky        |       |       |     1 ||     1
Armor: Leather armour    |    21 |       |       ||    21
       Ring mail         |    12 |    17 |       ||    29
       Scale mail        |       |    45 |       ||    45
       Chain mail        |       |     9 |   116 ||   125
Dodge: Dodged            |    70 |    86 |    72 ||   228
       Rpst.: Long sword |    13 |    21 |    25 ||    59
